Map: Kairos Junction LE

Players

Bly

  • Race: Zerg Zerg
  • Spawn Location: 5:00

Zanster - Winner!

  • Race: Zerg Zerg
  • Spawn Location: 11:00

Event: 2019 WCS Spring

VOD

Have the link to the VOD?

Description

Time

  • Played on: May 18, 2019, 7:08 a.m.
  • Length: 8:33

All games in this series

Show
View Real Time Build Order
Export as new Build Order

Bly Zerg 

Build Orders: Pool First 

Get SALT Encoding   

  12  0:17  Spawning Pool  
  11  0:22  Drone  
  11  0:27  Drone  
  13  0:31  Drone  
  14  0:41  Overlord  
  14  1:04  Zergling x4  
  16  1:05  Zergling x2  
  17  1:16  Zergling x2  
  17  1:18  Hatchery  
  17  1:29  Queen  
  19  1:38  Zergling x4  
  21  1:50  Overlord  
  21  2:10  Queen  
  21  2:17  Drone x2  
  22  2:26  Drone  
  23  2:32  Drone x2  
  23  2:33  Queen  
  27  2:41  Drone x3  
  31  2:44  Drone  
  31  2:54  Overlord  
  31  3:01  Overlord  
  31  3:05  Drone x2  
  33  3:08  Extractor  
  33  3:09  Extractor  
  29  3:16  Evolution Chamber  
  29  3:17  Evolution Chamber  
  29  3:19  Evolution Chamber  
  25  3:28  Drone x4  
  25  3:32  Drone  
  30  3:40  Roach Warren  
  30  3:45  Evolution Chamber  
  30  3:49  Drone x4  
  30  3:54  Evolution Chamber  
  33  4:06  Drone x2  
  33  4:07  Drone x2  
  37  4:14  Drone x2  
  37  4:15  Drone x2  
  41  4:21  Drone x4  
  45  4:34  Hatchery  
  45  4:38  Extractor, Drone  
  45  4:41  Zerg Missile Weapons Level 1  
  44  4:47  Metabolic Boost, Overlord  
  44  4:49  Drone  
  44  4:50  Drone  
  44  4:51  Drone  
  47  5:01  Overlord x2  
  47  5:03  Overlord  
  47  5:08  Roach x2  
  47  5:09  Roach  
  47  5:11  Roach  
  57  5:14  Roach  
  57  5:16  Roach  
  57  5:20  Roach  
  61  5:22  Roach  
  61  5:25  Roach  
  61  5:26  Roach  
  67  5:37  Roach  
  67  5:38  Roach x3  
  67  5:42  Roach x2  
  79  5:54  Ravager  
  80  6:01  Roach x3  
  80  6:02  Zergling x12  
  90  6:07  Overlord  
  90  6:09  Overlord x2  
  90  6:14  Overlord  
  90  6:20  Overlord x2  
  90  6:28  Ravager  
  90  6:31  Ravager  
  90  6:32  Ravager  
  93  6:37  Zergling x14  
  100  6:51  Zergling x8  
  100  6:52  Ravager x2  
  106  6:56  Ravager  
  106  6:57  Hatchery  
  106  7:04  Zergling x12  
  112  7:19  Zergling x2  
  112  7:20  Zergling x14  
  114  7:39  Drone x4  
  114  7:41  Extractor  
  114  7:42  Roach  
  114  7:43  Roach x3  
  125  7:55  Roach  
  125  7:56  Roach x5, Overlord  
Show
View Real Time Build Order
Export as new Build Order

Zanster Zerg - Winner!

Build Orders: Pool First 

Get SALT Encoding   

  12  0:00  Drone  
  13  0:13  Overlord  
  13  0:18  Drone  
  14  0:31  Drone x2  
  16  0:36  Drone  
  17  0:43  Extractor  
  17  0:46  Spawning Pool  
  15  0:50  Drone  
  16  0:57  Drone  
  17  1:16  Hatchery  
  16  1:33  Zergling x6  
  16  1:37  Queen  
  21  1:48  Zergling x2  
  21  1:49  Metabolic Boost  
  22  1:57  Overlord  
  22  2:14  Zergling x2  
  21  2:17  Queen  
  21  2:19  Drone  
  23  2:31  Zergling x4  
  25  2:41  Drone x2  
  27  2:46  Overlord  
  27  2:47  Drone  
  27  2:48  Drone  
  27  2:49  Drone  
  27  2:50  Drone  
  31  3:00  Drone  
  32  3:06  Drone  
  32  3:12  Hatchery  
  32  3:13  Drone  
  32  3:16  Drone  
  32  3:17  Drone  
  32  3:19  Drone  
  36  3:23  Drone x2  
  36  3:26  Drone  
  39  3:29  Drone  
  39  3:31  Drone  
  39  3:32  Drone  
  42  3:38  Overlord  
  42  3:40  Drone  
  43  3:47  Overlord  
  43  3:48  Drone  
  43  3:53  Drone  
  43  3:54  Drone  
  43  3:57  Drone  
  43  3:58  Drone  
  43  4:02  Drone x4  
  49  4:08  Evolution Chamber  
  49  4:09  Queen  
  47  4:10  Extractor  
  47  4:13  Drone x2  
  50  4:23  Drone  
  51  4:24  Drone x2  
  51  4:25  Drone x3  
  56  4:34  Extractor  
  56  4:36  Roach Warren  
  56  4:37  Evolution Chamber, Zerg Missile Weapons Level 1  
  56  4:38  Drone x2  
  54  4:39  Drone  
  54  4:40  Drone  
  54  4:42  Drone  
  54  4:43  Drone  
  59  4:45  Overlord  
  59  4:49  Drone  
  59  4:50  Drone  
  61  5:00  Lair  
  61  5:02  Zergling x10  
  61  5:04  Overlord  
  66  5:11  Zerg Ground Armor Level 1  
  66  5:14  Zergling x2  
  66  5:15  Extractor, Zergling x10  
  66  5:17  Overlord  
  66  5:19  Zergling x4  
  73  5:22  Overlord  
  73  5:23  Drone  
  73  5:24  Drone  
  73  5:27  Queen  
  77  5:30  Drone  
  77  5:34  Overlord  
  78  5:41  Roach x5  
  87  5:43  Roach  
  88  5:54  Roach x7  
  88  5:56  Roach  
  93  6:04  Roach x2  
  93  6:05  Roach  
  93  6:06  Roach  
  93  6:07  Overlord  
  101  6:12  Roach, Extractor  
  101  6:17  Overlord  
  102  6:19  Glial Reconstitution  
  102  6:21  Roach  
  102  6:22  Overlord  
  104  6:27  Roach x2  
  104  6:31  Overlord  
  108  6:37  Roach x2  
  108  6:38  Roach x3  
  118  6:40  Overlord  
  118  6:45  Roach x2  
  118  6:46  Roach x2  
  126  6:47  Overlord  
  126  6:50  Roach x2  
  126  6:53  Overlord  
  126  6:54  Overseer  
  130  6:59  Overlord  
  130  7:02  Roach x2  
  130  7:05  Overlord  
  130  7:06  Overlord  
  130  7:08  Overlord  
  134  7:16  Roach x5  
  144  7:25  Roach x5  
  154  7:34  Overlord  
  151  7:40  Roach  
  151  7:41  Roach x4  
  161  7:50  Overlord x2  
  161  8:02  Roach x3  
  161  8:03  Overlord  
Tags
 
Add a new tag
Caveats
  • Supply blocks, unpowered buildings, or Contaminate may cause inaccurate times.
  • Supply counts are checked every 10 seconds.